 Dungeon Crawl Stone Soup version 0.31-a0-986-g5e6e4ef867 (webtiles) character file.

Game seed: 4117525819348977183

2098 cowhearter the Grappler (level 9, 0/55 HPs)
             Began as an Octopode Shapeshifter on Nov 14, 2023.
             Was a Follower of Qazlal.
             Slain by a goblin
             ... wielding a +0 spear
              (4 damage)
             ... on level 8 of the Dungeon.
             The game lasted 00:17:14 (7662 turns).

cowhearter the Grappler (Octopode Shapeshifter)     Turns: 7662, Time: 00:17:14

Health: 0/55       AC:  5    Str: 21    XL:     9   Next: 28%
Magic:  9/9        EV: 14    Int: 13    God:    Qazlal [*.....]
Gold:   333        SH:  1    Dex: 13    Spells: 8/8 levels left

rFire   . .          .
                       - Unarmed
rCold   . . .        (no shield)
rNeg    . . .        (helmet currently unavailable)
rPois   .            (no amulet)
rElec   .            r - +4 ring of protection
rCorr   .            w - ring "Dawy" {Fly Slay+5}
SInv    .            y - +6 ring of strength
Will    .....        (no ring)
Stlth   ++++         (no ring)
HPRegen 0.29/turn    (no ring)
MPRegen 0.11/turn    (no ring)
                     (no ring)

%: no passive effects
@: beast-form, flying
A: beast (slay +3), almost no armour, amphibious, 8 rings, camouflage 1,
gelatinous body 1, (nimble swimmer 1), tentacles
a: Begin Untransformation, Renounce Religion


You were on level 8 of the Dungeon.
You worshipped Qazlal.
Qazlal was aware of your devotion.
You were a hulking beast.
You visited 1 branch of the dungeon, and saw 8 of its levels.

You collected 333 gold pieces.

Inventory:

Hand Weapons
 s - the +9 spear of Zin, Conjuring {flame, rC+ Str+4 Dex+2}
   (You found it on level 3 of the Dungeon)

   Str+4:     It affects your strength (+4).
   Dex+2:     It affects your dexterity (+2).
   rC+:       It protects you from cold.
Missiles
 h - 19 poisoned darts
Magical Staves
 g - a staff of fire
Jewellery
 f - an amulet of magic regeneration
 n - a ring of fire
 r - a +4 ring of protection (left tentacle)
 t - an amulet of faith
 w - the ring "Dawy" (right tentacle) {Fly Slay+5}
   (You found it on level 3 of the Dungeon)

   [ring of flight]

   Slay+5:    It affects your accuracy & damage with ranged weapons and melee
   (+5).
   Fly:       It grants you flight.
 y - a +6 ring of strength (on tentacle)
 C - a ring of protection from fire
Talismans
 b - a beast talisman (active)
 c - a flux talisman
 F - a maw talisman
Wands
 u - a wand of flame (15)
 G - a wand of roots (4)
Scrolls
 d - 2 scrolls of immolation {unknown}
 e - 4 scrolls of enchant armour {unknown}
 i - a scroll of fog {unknown}
 j - 2 scrolls of teleportation {unknown}
 l - 5 scrolls of identify {unknown}
 o - 3 scrolls of revelation
 q - a scroll of fear {unknown}
 v - 3 scrolls of enchant weapon {unknown}
 x - a scroll of noise {unknown}
 B - 2 scrolls of blinking {unknown}
 D - a scroll of vulnerability {unknown}
 I - a scroll of poison {unknown}
Potions
 a - a potion of lignification
 k - 3 potions of mutation {unknown}
 m - a potion of enlightenment {unknown}
 p - 2 potions of curing
 z - a potion of invisibility {unknown}
 A - 3 potions of haste {unknown}
 E - 2 potions of cancellation {unknown}
 H - 2 potions of attraction {unknown}


   Skills:
 + Level 2.5 Fighting
 + Level 4.7 Dodging
 - Level 6.4 Stealth
 + Level 8.8 Unarmed Combat
 * Level 5.6 Shapeshifting


You had 8 spell levels left.
You didn't know any spells.
Your spell library contained the following spells:

 Spells                   Type           Power      Damage    Failure   Level
 Freeze                   Ice            0%         1d3       30%         1
 Shock                    Conj/Air       0%         1d3       30%         1
 Call Canine Familiar     Summ           0%         N/A       67%         3
 Dazzling Flash           Conj/Hex       0%         N/A       67%         3
 Frozen Ramparts          Ice            0%         1d1       67%         3
 Hailstorm                Conj/Ice       0%         3d3       67%         3
 Sigil of Binding         Hex            0%         N/A       67%         3
 Swiftness                Air            0%         N/A       67%         3
 Airstrike                Air            0%         2d(0-16)  97%         4
 Dimensional Bullseye     Hex/Tloc       0%         N/A       97%         4
 Leda's Liquefaction      Hex/Erth       0%         N/A       97%         4
 Agony                    Necr           0%         N/A       100%        5
 Silence                  Hex/Air        0%         N/A       100%        5
 Conjure Ball Lightning   Conj/Air       0%         3x3d6     100%        6
 Discord                  Hex            0%         N/A       100%        8
 Disjunction              Tloc           0%         N/A       100%        8


Dungeon Overview and Level Annotations

Branches:
Dungeon (8/15)             Temple (0/1) D:7
   Lair: D:8-11

Altars:
Dithmenos
Elyvilon
Fedhas
Gozag
Hepliaklqana
Kikubaaqudgha
Makhleb
Qazlal
Sif Muna
Uskayaw
Vehumet
Yredelemnul
Zin

Shops:
D:7 :

Portals:
Abyss: D:6
Bailey: D:8

Annotations:
D:6 2 transporters, timneilson's ghost, novice GrFi
D:7 2 transporters, Grum; knightboat's ghost, novice VSBr


Innate Abilities, Weirdness & Mutations

You are a hulking beast.
Your limbs bulge with bestial killing power. (Slay +3)
You cannot wear most types of armour.
You are amphibious.
You can wear up to eight rings at the same time.
Your skin changes colour to match your surroundings (Stealth+).
Your rubbery body absorbs attacks. (AC +1, EV +1)
((You are camouflaged when in or above water. (Stealth+)))
You have tentacles for arms and can constrict up to eight enemies at once.


Message History

You batter the goblin!!
You kill the goblin!
Qazlal accepts your kill. The goblin hits you with a +0 spear.
You tentacle-slap the goblin.
You kill the goblin!
Qazlal accepts your kill.
A wight and an orc come into view.
You see here a bubbling white potion.
The goblin hits you from afar with a +0 spear. x2
A skeletal warrior comes into view. It is wielding a +0 halberd.
The goblin closely misses you. The goblin attacks as it pursues you!
The goblin hits you but does no damage.
You closely miss the orc. You grab the orc. You constrict the orc.
The goblin hits you from afar with a +0 spear.
The goblin hits you but does no damage. The orc hits you with a +0 flail.
You bludgeon the orc!
You kill the orc!
Qazlal accepts your kill. The goblin hits you but does no damage.
The goblin hits you from afar with a +0 spear.
A skeletal warrior comes into view. It is wielding a +0 long sword.
The skeletal warrior hits you from afar with a +0 halberd!!
The goblin closely misses you.
A skeletal warrior comes into view. It is wielding a +0 dire flail.
The goblin misses you.
Things that are here:
a +0 flail; a +0 ring mail An orc comes into view.
It is wielding a +0 whip.
The goblin hits you with a +0 spear.
A skeletal warrior comes into view. It is wielding a +0 battleaxe.
A wight comes into view. It is wielding a +3 dagger.
The skeletal warrior hits you with a +0 halberd!
* * * LOW HITPOINT WARNING * * *
The goblin barely misses you.
A skeletal warrior comes into view. It is wielding a +2 mace of protection.
A wight comes into view. It is wielding a +0 halberd.
The skeletal warrior closely misses you.
The goblin hits you from afar with a +0 spear.
You die...

###....z.
#........ ##
##.....zzo
....##......zz.
#..#....z...
..#.......z.#
.....≈≈≈≈≈..#
#...≈..h≈z.#
.##..≈.∩g~.##
..........≈.>g≈☼.#
.....##...≈≈≈≈≈.##
......###........#
#.......##..!.).##
............)..#
#......#.....##
#......##.##.#


You could see 5 skeletal warriors, 3 wights, an orc (wandering) and 2 goblins.

Vanquished Creatures
  A gargoyle (D:7)
  Sigmund (D:2)
  A water moccasin (D:5)
  An orc warrior (D:7)
  A black bear (D:4)
  2 centaurs
  A phantom (D:7)
  2 kobold brigands
  4 scorpions
  2 hounds
  4 orc priests
  Jessica (D:2)
  3 iguanas
  6 orc wizards
  A sleepcap (D:5)
  Robin (D:3)
  3 gnolls (D:4)
  6 adders
  A shadow imp (D:5)
  3 worms (D:2)
  7 dart slugs
  27 orcs
  10 endoplasms
  6 giant cockroaches
  22 goblins
  18 hobgoblins
  3 jackals (D:2)
  2 quokkas (D:4)
  9 ball pythons
  5 bats
  12 frilled lizards
  14 kobolds
  9 rats
189 creatures vanquished.

Notes
Turn   | Place    | Note
-------+----------+-------------------------------------------
     0 | D:1      | cowhearter the Octopode Shapeshifter began the quest for
                  | the Orb.
     0 | D:1      | Reached XP level 1. HP: 13/13 MP: 1/1
   168 | D:1      | Reached XP level 2. HP: 18/18 MP: 2/2
   659 | D:1      | Reached XP level 3. HP: 23/23 MP: 3/3
   783 | D:1      | Reached skill level 1 in Stealth
   993 | D:2      | Noticed Sigmund
  1177 | D:2      | Found a faded altar of an unknown god.
  1196 | D:2      | Reached XP level 4. HP: 28/28 MP: 4/4
  1413 | D:2      | Noticed Jessica
  1418 | D:2      | Killed Jessica
  1419 | D:2      | Reached skill level 4 in Unarmed Combat
  1422 | D:2      | Reached XP level 5. HP: 29/33 MP: 5/5
  1528 | D:2      | Killed Sigmund
  1529 | D:2      | Reached XP level 6. HP: 38/38 MP: 6/6
  1920 | D:3      | Identified the +9 spear of Zin, Conjuring {flame, rC+ Str+4
                  | Dex+2}
  1945 | D:3      | Found a burning altar of Makhleb.
  2160 | D:3      | Noticed Robin
  2181 | D:3      | Killed Robin
  2182 | D:3      | Reached skill level 5 in Unarmed Combat
  2604 | D:3      | Identified the ring "Dawy" {Fly Slay+5}
  3014 | D:4      | Noticed a black bear
  3022 | D:4      | Killed a black bear
  3023 | D:4      | Reached skill level 5 in Stealth
  3023 | D:4      | Reached XP level 7. HP: 36/44 MP: 7/7
  3130 | D:4      | Found an opulent altar of Gozag.
  3205 | D:4      | Found an ancient bone altar of Kikubaaqudgha.
  3213 | D:4      | Found a blossoming altar of Fedhas.
  3578 | D:4      | Reached skill level 6 in Unarmed Combat
  3676 | D:4      | Found a basalt altar of Yredelemnul.
  4138 | D:5      | Entered Level 5 of the Dungeon
  4322 | D:5      | Found a shadowy altar of Dithmenos.
  4328 | D:5      | Reached XP level 8. HP: 50/50 MP: 8/8
  4651 | D:5      | Found a radiant altar of Vehumet.
  4899 | D:5      | Found a shimmering blue altar of Sif Muna.
  4954 | D:5      | Reached skill level 7 in Unarmed Combat
  5886 | D:6      | Noticed a water elemental
  5887 | D:6      | Found a stormy altar of Qazlal.
  5888 | D:6      | Noticed an air elemental
  5894 | D:6      | Became a worshipper of Qazlal Stormbringer
  5932 | D:6      | Found a hazy altar of Hepliaklqana.
  6022 | D:6      | Found a one-way gate to the infinite horrors of the Abyss.
  6022 | D:6      | Noticed timneilson's ghost (novice GrFi)
  6023 | D:6      | Found a transporter.
  6025 | D:6      | Found a transporter.
  6219 | D:6      | Noticed a small abomination
  6377 | D:6      | Found a hide-covered altar of Uskayaw.
  6544 | D:6      | Found a glowing silver altar of Zin.
  6783 | D:7      | Noticed a gargoyle
  6790 | D:7      | Killed a gargoyle
  6791 | D:7      | Reached skill level 8 in Unarmed Combat
  6791 | D:7      | Reached skill level 5 in Shapeshifting
  6791 | D:7      | Reached XP level 9. HP: 29/55 MP: 9/9
  6892 | D:7      | Found a staircase to the Ecumenical Temple.
  6927 | D:7      | Found a white marble altar of Elyvilon.
  7126 | D:7      | Found Oplis's Self-Published Books.
  7319 | D:7      | Noticed Grum
  7370 | D:7      | Found a transporter.
  7371 | D:7      | Noticed knightboat's ghost (novice VSBr)
  7376 | D:7      | Identified the ring of Isiotos {rPois rF+ Will+ Int-2
                  | Stlth+}
  7478 | D:7      | Found a transporter.
  7630 | Bailey   | Identified the "Xaelu"
  7641 | D:8      | Reached * piety under Qazlal
  7648 | D:8      | Found a flagged portal.
  7656 | D:8      | Noticed a skeletal warrior
  7660 | D:8      | Noticed a skeletal warrior
  7660 | D:8      | Noticed a skeletal warrior
  7661 | D:8      | Noticed a skeletal warrior
  7662 | D:8      | Noticed a skeletal warrior
  7662 | D:8      | Slain by a goblin

Illustrated notes

Levels and vault maps discovered:
D:1:      scummos_arrival_hexagon, layout_basic
D:2:      layout_basic, serial_glass, glass_columns_b, glass_columns_b,
          glass_columns_c, glass_columns_b,
          hellmonk_ecumenical_altar_pennies_from_heaven, minmay_lizard_king,
          uniq_jessica, uniq_sigmund
D:3:      layout_basic, mainiacjoe_overflow_24_doors, serial_glass,
          glass_columns_a, glass_columns_b, chequers_avenue,
          chequers_serial_rivers_room_b, kennysheep_another_room, uniq_robin
D:4:      layout_loops_ring, grunt_temple_overflow_growth_and_decay,
          grunt_gozag_breadcrumbs, lemuel_tele_altar
D:5:      layout_layer_cave, mainiacjoe_overflow_small_starburst,
          nicolae_dithmenos_shadow_blocks, fiery_altar_vehumet, sigmund_army
D:6:      layout_loops_ring, nicolae_overflow_hidden_temple,
          nicolae_uskayaw_dance_studio, nicolae_qazlal_style_of_elements,
          lemuel_crystal_altar, gammafunk_ghost_abyssal_escape
D:7:      layout_basic, mainiacjoe_overflow_six_doors_small,
          minmay_temple_entry_overgrown, gammafunk_ghost_gnarly_gnolls,
          nicolae_custom_books
D:8:      layout_cave_pools, old_standard_altar, mainiacjoe_overflow_alcove_2,
          enter_bailey_5

Skill      XL: |  1  2  3  4  5  6  7  8 |
---------------+-------------------------+-----
Stealth        | 2 3 4 5 6 |  6.4
Unarmed Combat | 4 5 6 8 |  8.8
Dodging        | 3 4 |  4.7
Fighting       | 2 |  2.5
Shapeshifting  | 5 |  5.6

Action                     |  1- 3 |  4- 6 |  7- 9 || total
---------------------------+-------+-------+-------++-------
  Melee: Unarmed           |    75 |   115 |   167 ||   357
         Constrict         |    19 |    28 |    38 ||    85
         Tentacles         |    10 |    21 |    27 ||    58
         Punch             |     2 |     3 |     9 ||    14
    Use: Scroll            |       |       |     1 ||     1
         Potion            |       |       |     1 ||     1
   Stab: Sleeping          |    10 |     8 |    10 ||    28
         Distracted        |       |     1 |     1 ||     2
 Armour: Skin              |    20 |    40 |   110 ||   170
  Dodge: Dodged            |    39 |    67 |   119 ||   225
   Form: Beast             |     1 |       |       ||     1

Table legend: (Time is in decaauts)
 A = Elapsed time spent in this place.
 B = Non-inter-level travel time spent in this place.
 C = Inter-level travel time spent in this place.
 D = Time resting spent in this place.
 E = Time spent auto-exploring this place.
 F = Levels seen in this place.
 G = Mean time per level.
                   A        B        C        D        E       F      G
               +--------+--------+--------+--------+--------+-----+--------+
         Total |   7625 |   7422 |    203 |   1211 |   4647 |   8 |  953.1 |
       Dungeon |   7625 |   7422 |    203 |   1211 |   4647 |   8 |  953.1 |
               +--------+--------+--------+--------+--------+-----+--------+

Top non-repeatable levels by time:
     D:5: 1491 daAuts
     D:4: 1359 daAuts
     D:3: 1007 daAuts
     D:1: 969 daAuts
     D:6: 932 daAuts
     D:2: 931 daAuts
     D:7: 903 daAuts
     D:8: 30 daAuts
